 Dungeon Crawl Stone Soup version 0.28.0-1-gb440e238dd (webtiles) character file.

Game seed: 376689510752087473

347 arthad the Shield-Bearer (level 6, -10/39 HPs)
             Began as a Gargoyle Fighter on Feb 20, 2022.
             Was an Initiate of Okawaru.
             Mangled by a komodo dragon (22 damage)
             ... on level 5 of the Dungeon.
             The game lasted 00:06:56 (4076 turns).

arthad the Shield-Bearer (Gargoyle Fighter)         Turns: 4076, Time: 00:06:57

Health: -10/39     AC: 11    Str: 27    XL:     6   Next: 59%
Magic:  6/6        EV:  9    Int: 15    God:    Okawaru [......]
Gold:   139        SH:  4    Dex:  9    Spells: 5/5 levels left

rFire   . . .      SeeInvis .   a - +0 flail
rCold   . . .      Faith    .   c - +0 buckler
rNeg    + . .      Spirit   .   b - +0 scale mail
rPois   ∞          Reflect  .   (no helmet)
rElec   +          Harm     .   (no cloak)
rCorr   .          Rampage  .   (no gloves)
Will    .....                   (no boots)
Stlth   ..........              (no amulet)
HPRegen 0.13/turn               f - +6 ring of strength
MPRegen 0.10/turn               d - +6 ring of intelligence

@: invisible
A: sickness immunity, AC +4, negative energy resistance 1, electricity
resistance, torment resistance 1, petrification resistance
a: Renounce Religion


You were on level 5 of the Dungeon.
You worshipped Okawaru.
Okawaru was noncommittal.
You visited 2 branches of the dungeon, and saw 6 of its levels.

You collected 172 gold pieces.
You spent 33 gold pieces at shops.

Inventory:

Hand Weapons
 a - a +0 flail (weapon)
Missiles
 e - 150 stones (quivered)
Armour
 b - a +0 scale mail (worn)
 c - a +0 buckler (worn)
Jewellery
 d - a +6 ring of intelligence (right hand)
 f - a +6 ring of strength (left hand)
Wands
 l - a wand of iceblast (8)
Scrolls
 g - a scroll of acquirement {unknown}
 i - 4 scrolls of enchant armour {unknown}
 j - 8 scrolls of identify {unknown}
 k - 2 scrolls of teleportation {unknown}
 n - a scroll of noise {unknown}
 o - a scroll of fear {unknown}
 p - a scroll of enchant weapon {unknown}
 q - a scroll of immolation {unknown}
 r - a scroll of summoning {unknown}
Potions
 h - 2 potions of flight
 s - a potion of ambrosia {unknown}


   Skills:
 * Level 4.5 Fighting
 * Level 3.6 Maces & Flails
 * Level 4.7 Armour
 + Level 2.2 Stealth
 * Level 4.7 Shields


You had 5 spell levels left.
You didn't know any spells.
Your spell library contained the following spells:

 Spells                   Type           Power      Damage    Failure   Level
 Apportation              Tloc           0%         N/A       58%         1
 Animate Skeleton         Necr           Unusable   N/A       N/A         1
 Summon Small Mammal      Summ           Unusable   N/A       N/A         1

Dungeon Overview and Level Annotations

Branches:
Dungeon (5/15)             Temple (1/1) D:4

Altars:
Ashenzari
Cheibriados
Dithmenos
Elyvilon
Fedhas
Gozag
Hepliaklqana
Kikubaaqudgha
Makhleb
Okawaru
Qazlal
Ru
Sif Muna
Trog
Uskayaw
Vehumet
Wu Jian
Xom
Yredelemnul
Zin
The Shining One

Shops:
D:2 !


Innate Abilities, Weirdness & Mutations

You are immune to sickness and miasma.
Your stone body is resilient. (AC +4)
You are immune to poison.
You resist negative energy. (rN+)
You are resistant to electric shocks. (rElec)
You are resistant to unholy torment.
You are immune to petrification.


Message History

You barely miss the komodo dragon.
The komodo dragon bites you but does no damage.
The komodo dragon bites you!
It was a potion of invisibility.
You fade into invisibility!
You block the komodo dragon's attack.
You sock the komodo dragon!
The komodo dragon is lightly wounded.
The komodo dragon barely misses you.
You hit the komodo dragon.
The komodo dragon is moderately wounded.
You block the komodo dragon's attack.
You completely miss the komodo dragon.
The komodo dragon is moderately wounded.
The komodo dragon bites you.
You sock the komodo dragon!
The komodo dragon is heavily wounded.
The komodo dragon barely misses you. The komodo dragon bites you!
* * * LOW HITPOINT WARNING * * *
You closely miss the komodo dragon.
The komodo dragon is heavily wounded.
You block the komodo dragon's attack.
You hit the komodo dragon.
The komodo dragon is heavily wounded.
The komodo dragon barely misses you.
You sock the komodo dragon!
The komodo dragon is almost dead.
The komodo dragon bites you but does no damage.
The komodo dragon misses you.
You barely miss the komodo dragon.
The komodo dragon is almost dead.
The komodo dragon closely misses you.
You barely miss the komodo dragon.
The komodo dragon is almost dead.
The komodo dragon closely misses you.
You hit the komodo dragon.
The komodo dragon is almost dead.
The komodo dragon bites you!!
Ouch! That really hurt!
You die...

#### ..#
#.##.###.######
#.......l.....#
#.##.###@######
#......<..#
##.##.##### #
#.# #.# #.# #.#
..[ ###


You could see a komodo dragon.

Vanquished Creatures
  A necrophage (D:4)
  A hound (D:4)
  An orc priest (D:4)
  An orc wizard (D:3)
  Terence (D:2)
  7 adders
  An adder skeleton (D:4)
  2 worms (D:2)
  A dart slug (D:2)
  6 orcs
  5 ball pythons
  7 bats
  4 endoplasms
  A giant cockroach (D:1)
  3 goblins
  8 hobgoblins
  6 kobolds
  5 quokkas
  A ball python skeleton (D:2)
  5 frilled lizards
  4 rats
71 creatures vanquished.

Notes
Turn   | Place    | Note
-------+----------+-------------------------------------------
     0 | D:1      | arthad the Gargoyle Fighter began the quest for the Orb.
     0 | D:1      | Reached XP level 1. HP: 14/14 MP: 1/1
   336 | D:1      | Reached XP level 2. HP: 19/19 MP: 2/2
   439 | D:1      | Found a faded altar of an unknown god.
   917 | D:2      | Found Buimycw's Distillery.
   925 | D:2      | Bought a potion of curing for 33 gold pieces
   952 | D:2      | Reached XP level 3. HP: 23/23 MP: 3/3
  1088 | D:2      | Reached skill level 1 in Stealth
  1224 | D:2      | Reached XP level 4. HP: 27/29 MP: 4/4
  1306 | D:2      | Noticed Terence
  1322 | D:2      | Killed Terence
  1672 | D:2      | Reached XP level 5. HP: 25/33 MP: 5/5
  2688 | D:4      | Noticed a necrophage
  2717 | D:4      | Killed a necrophage
  2718 | D:4      | Reached XP level 6. HP: 24/39 MP: 6/6
  3409 | D:4      | Found a staircase to the Ecumenical Temple.
  3429 | Temple   | Entered the Ecumenical Temple
  3922 | Temple   | Became a worshipper of Warmaster Okawaru
  4058 | D:5      | Entered Level 5 of the Dungeon
  4061 | D:5      | Noticed a komodo dragon
  4076 | D:5      | Mangled by a komodo dragon

Illustrated notes

Levels and vault maps discovered:
D:1:      dpeg_arrival_stone_temple_mockup, layout_basic,
          chequers_ecumenical_altar_simple_redux, nrook_campfire
D:2:      minmay_chambers_of_twos, layout_basic, serial_shops, shop,
          uniq_terence
D:3:      layout_basic, minmay_cupped
D:4:      layout_rooms, minmay_temple_entry_proselytizer, minivault_4,
          kennysheep_generic_room_7
D:5:      layout_loops_ring, kennysheep_potato, uniq_pikel
Temple:   mainiacjoe_temple_trianglar_array

Skill      XL: |  1  2  3  4  5 |
---------------+----------------+-----
Stealth        | 1 2 |  2.2
Armour         | 4 |  4.7
Shields        | 4 |  4.7
Fighting       | 4 |  4.5
Maces & Flails | 3 |  3.6

Action                   |  1- 3 |  4- 6 || total
-------------------------+-------+-------++-------
Melee: Flail             |    89 |   164 ||   253
  Use: Potion            |       |     4 ||     4
 Stab: Distracted        |       |     1 ||     1
Armor: Scale mail        |    49 |    84 ||   133
Dodge: Dodged            |    40 |    71 ||   111
Block: Buckler           |    16 |    35 ||    51
